Map: 2000 атмосфер РВ

Players

DaveyJones

  • Race: Protoss Protoss
  • League: Diamond

Kantara - Winner!

  • Race: Protoss Protoss
  • League: Diamond

VOD

Have the link to the VOD?

Description

Time

  • Played on: July 4, 2021, 9:20 a.m.
  • Length: 23:48
Show
View Real Time Build Order
Export as new Build Order

DaveyJones Protoss 

Build Orders: Archon Immortal 

Get SALT Encoding   

  12  0:00  Probe  
  13  0:12  Probe  
  14  0:16  Pylon  
  14  0:24  Probe  
  15  0:35  Gateway  
  15  0:37  Probe (Chrono Boost)  
  16  0:44  Assimilator  
  16  0:49  Probe (Chrono Boost)  
  17  0:56  Probe (Chrono Boost)  
  18  1:00  Gateway  
  18  1:04  Probe  
  19  1:14  Assimilator  
  19  1:16  Probe  
  20  1:27  Cybernetics Core  
  20  1:30  Probe  
  21  1:36  Pylon  
  21  1:42  Probe  
  23  1:54  Probe  
  23  2:05  Sentry  
  23  2:06  Pylon, Probe, Stalker  
  28  2:09  Warp Gate  
  28  2:27  Probe, Robotics Facility  
  29  2:34  Pylon  
  29  2:40  Probe  
  30  2:52  Probe  
  31  3:02  Nexus  
  31  3:09  Pylon  
  31  3:16  Shield Battery  
  31  3:17  Observer  
  32  3:23  Stalker  
  34  3:30  Stalker  
  34  3:34  Probe  
  37  3:53  Immortal  
  41  4:00  Probe  
  41  4:01  Forge  
  42  4:16  Probe x2 (Chrono Boost)  
  44  4:26  Probe (Chrono Boost)  
  44  4:27  Protoss Ground Weapons Level 1 (Chrono Boost), Stalker x2  
  44  4:28  Probe (Chrono Boost)  
  50  4:49  Immortal  
  54  4:54  Probe x2  
  54  4:56  Pylon  
  54  4:58  Pylon  
  56  5:03  Stalker  
  56  5:06  Probe  
  59  5:08  Probe  
  59  5:11  Stalker  
  62  5:18  Probe  
  62  5:20  Probe  
  64  5:39  Assimilator, Probe x2  
  64  5:40  Nexus  
  66  5:56  Probe x2  
  68  6:08  Probe  
  68  6:10  Pylon  
  68  6:11  Probe  
  70  6:13  Protoss Ground Armor Level 1 (Chrono Boost)  
  70  6:17  Assimilator  
  70  6:20  Probe, Twilight Council  
  70  6:23  Probe, Immortal  
  76  6:27  Stalker  
  78  6:33  Probe  
  78  6:35  Pylon, Probe  
  80  6:41  Gateway  
  80  6:43  Gateway  
  80  6:45  Probe  
  81  6:47  Gateway, Probe  
  81  6:51  Pylon  
  81  6:53  Charge  
  82  6:55  Probe  
  82  6:57  Probe  
  82  6:59  Probe  
  82  7:00  Shield Battery  
  85  7:03  Immortal  
  85  7:07  Probe  
  90  7:09  Probe  
  90  7:11  Probe  
  90  7:13  Pylon  
  92  7:18  Templar Archives  
  92  7:19  Probe  
  92  7:21  Probe  
  92  7:22  Zealot x2  
  98  7:23  Probe  
  98  7:29  Assimilator  
  99  7:31  Probe  
  99  7:33  Probe  
  99  7:34  Assimilator  
  99  7:35  Probe  
  102  7:37  Pylon  
  102  7:43  Probe, Zealot x2  
  107  7:44  Forge  
  107  7:45  Probe  
  107  7:48  Probe  
  107  7:51  Immortal  
  113  7:57  Psionic Storm  
  113  7:59  High Templar x2  
  113  8:00  High Templar  
  113  8:03  Probe  
  120  8:06  Pylon  
  120  8:22  Archon  
  120  8:23  High Templar  
  120  8:24  High Templar  
  124  8:28  Protoss Ground Weapons Level 2 (Chrono Boost), Nexus  
  124  8:31  Pylon  
  124  8:32  Warp Prism  
  124  8:33  Pylon, Protoss Ground Armor Level 2 (Chrono Boost)  
  126  8:38  Dark Shrine  
  126  8:45  High Templar  
  128  8:48  Archon  
  128  8:49  Archon  
  128  8:55  Gateway  
  128  8:58  Gateway  
  128  9:02  Pylon  
  128  9:06  High Templar x2  
  132  9:19  Shield Battery  
  132  9:21  Shield Battery  
  132  9:44  Zealot x4  
  132  9:45  Zealot  
  141  10:01  Dark Templar x2  
  113  10:35  Dark Templar x6  
  99  11:06  Probe x4  
  99  11:08  High Templar x6  
  109  11:11  Immortal  
  109  11:17  Gateway  
  107  11:21  Gateway  
  107  11:22  Archon x2  
  107  11:23  Gateway x2  
  107  11:24  Protoss Ground Weapons Level 3, Archon  
  107  11:42  Zealot x5  
  107  11:43  Zealot  
  119  12:04  Dark Templar  
  113  12:11  Zealot x6  
  121  12:27  Dark Templar x3  
  125  12:41  Zealot x5  
  125  12:42  Zealot x2  
  133  12:59  Probe x4  
  133  13:02  Assimilator, Dark Templar x9  
  133  13:03  Assimilator  
  155  13:08  Photon Cannon x2  
  155  13:10  Protoss Ground Armor Level 3, Photon Cannon  
  155  13:11  Probe x2, Photon Cannon  
  157  13:18  Dark Templar  
  157  13:41  Zealot x5  
  157  13:42  Zealot x4  
  175  13:49  Archon  
  175  13:50  Archon x3  
  173  14:06  Zealot x3  
  173  14:07  Zealot  
  179  14:14  Pylon  
  179  14:15  Pylon  
  163  14:20  Pylon  
  163  14:21  Pylon x2  
  163  14:23  Pylon  
  103  14:35  High Templar x9  
  103  14:38  Zealot  
  111  14:42  Archon  
  111  14:43  Archon x3  
  111  14:44  Probe x3  
  114  14:55  Photon Cannon x2  
  114  14:58  Photon Cannon  
  114  15:00  Warp Prism  
  114  15:01  Protoss Shields Level 1  
  116  15:08  Zealot x8  
  116  15:09  Zealot x2  
  136  15:18  Nexus  
  136  15:21  Pylon  
  136  15:22  Pylon  
  134  15:35  Zealot x4  
  134  15:36  Zealot x6  
  142  16:04  Zealot x10  
  154  16:40  Zealot x9  
  152  16:50  Stargate  
  152  16:52  Stargate  
  152  16:57  Shield Battery  
  152  16:58  Zealot x10  
  152  16:59  Shield Battery  
  152  17:00  Stargate  
  172  17:01  Shield Battery  
  172  17:02  Warp Prism  
  168  17:39  Dark Templar x10  
  184  17:46  Fleet Beacon  
  110  18:24  Zealot x8  
  110  18:25  Zealot x2  
  126  19:01  Carrier x3  
  144  19:09  Assimilator  
  144  19:10  Assimilator  
  144  19:16  Protoss Air Weapons Level 1  
  144  19:21  Zealot x9  
  144  19:22  Zealot  
  142  20:01  Cybernetics Core  
  142  20:05  Carrier x3  
  158  20:14  Stargate  
  158  20:17  Observer  
  158  20:18  Mothership  
  158  20:20  Nexus  
  167  20:21  Pylon  
  167  20:28  Pylon  
  167  20:39  Assimilator x2, Observer  
  168  20:46  Protoss Shields Level 2  
  168  21:04  Carrier  
  168  21:08  Shield Battery  
  168  21:09  Carrier x3  
  168  21:10  Shield Battery  
  192  21:11  Shield Battery  
  192  21:12  Shield Battery  
  192  21:13  Shield Battery  
  192  21:27  Protoss Air Armor Level 1  
  184  22:08  Carrier  
  184  22:13  Carrier  
  196  22:24  Photon Cannon x2  
  196  22:29  Photon Cannon  
  184  22:31  Carrier  
  184  22:32  Carrier  
Show
View Real Time Build Order
Export as new Build Order

Kantara Protoss - Winner!

Build Orders: Phoenix Opening, Blink Stalkers, Zealot Archon 

Get SALT Encoding   

  12  0:00  Probe  
  13  0:13  Probe  
  14  0:17  Pylon  
  14  0:25  Probe (Chrono Boost)  
  15  0:37  Probe (Chrono Boost)  
  15  0:38  Gateway  
  15  0:42  Probe (Chrono Boost)  
  16  0:47  Assimilator  
  17  0:52  Probe  
  18  0:58  Assimilator  
  18  1:04  Probe  
  19  1:16  Gateway  
  19  1:19  Probe (Chrono Boost)  
  20  1:29  Cybernetics Core  
  21  1:33  Probe (Chrono Boost)  
  21  1:45  Probe  
  22  1:51  Pylon  
  22  1:58  Probe  
  23  2:09  Stalker x2  
  23  2:10  Probe  
  23  2:13  Warp Gate  
  28  2:26  Probe (Chrono Boost)  
  28  2:27  Pylon  
  29  2:36  Probe (Chrono Boost)  
  30  2:42  Sentry  
  31  2:46  Sentry  
  33  2:57  Shield Battery  
  33  3:00  Nexus  
  33  3:05  Probe  
  34  3:16  Twilight Council  
  34  3:17  Probe (Chrono Boost), Phoenix  
  35  3:24  Forge  
  35  3:29  Probe (Chrono Boost)  
  36  3:34  Shield Battery  
  36  3:38  Probe (Chrono Boost)  
  37  3:47  Probe  
  38  3:53  Blink (Chrono Boost)  
  38  3:57  Protoss Ground Weapons Level 1 (Chrono Boost)  
  38  3:59  Probe  
  39  4:15  Probe (Chrono Boost)  
  41  4:17  Probe (Chrono Boost)  
  41  4:19  Stalker  
  43  4:26  Probe (Chrono Boost)  
  43  4:28  Probe (Chrono Boost)  
  43  4:31  Assimilator  
  45  4:32  Probe  
  45  4:36  Probe  
  47  4:39  Pylon, Stalker  
  47  4:44  Probe  
  50  4:48  Probe  
  50  4:51  Gateway  
  51  4:56  Probe  
  52  5:00  Probe  
  53  5:08  Probe  
  53  5:09  Stalker  
  53  5:10  Stalker  
  53  5:13  Probe  
  59  5:20  Probe  
  60  5:28  Nexus  
  60  5:32  Probe x2  
  62  5:42  Templar Archives  
  62  5:44  Pylon  
  62  5:50  Charge (Chrono Boost), Gateway x2  
  62  5:52  Pylon  
  62  6:00  Probe  
  61  6:06  Zealot x3  
  61  6:08  Pylon  
  61  6:10  Pylon  
  61  6:11  Pylon  
  66  6:12  Gateway  
  66  6:15  Pylon  
  66  6:16  Pylon  
  66  6:22  Protoss Ground Weapons Level 2 (Chrono Boost)  
  66  6:23  Nexus  
  66  6:27  Probe x2  
  68  6:39  High Templar x2, Probe  
  73  6:41  Probe  
  73  6:44  Archon  
  73  6:45  High Templar  
  73  6:46  High Templar  
  78  6:50  Archon  
  78  6:51  Probe  
  78  6:52  Zealot  
  78  6:53  Probe  
  82  6:56  Pylon  
  82  7:03  Probe  
  82  7:05  Probe  
  84  7:09  Pylon  
  84  7:14  Gateway  
  84  7:16  Probe  
  84  7:17  Probe  
  86  7:24  Assimilator  
  86  7:25  High Templar x2  
  86  7:26  Assimilator  
  86  7:28  Probe  
  86  7:29  Probe, Archon  
  92  7:31  Zealot x2  
  96  7:40  Probe  
  96  7:41  Probe  
  96  7:42  Probe  
  99  7:48  Shield Battery  
  99  7:52  Probe, Photon Cannon  
  99  7:53  Probe  
  99  7:54  Probe  
  99  7:56  High Templar  
  99  7:57  High Templar  
  99  7:58  Zealot x4  
  112  8:00  Archon  
  112  8:04  Probe, Robotics Facility  
  115  8:05  Probe  
  116  8:21  Probe x2  
  116  8:22  Probe  
  119  8:33  Probe x2  
  119  8:34  Probe  
  122  8:36  High Templar  
  122  8:37  High Templar  
  122  8:38  High Templar  
  122  8:40  Nexus  
  128  8:42  Assimilator, High Templar  
  128  8:43  Archon  
  128  8:45  Assimilator, Pylon, Zealot x3  
  128  8:46  Archon  
  128  8:48  Pylon  
  136  8:51  Probe x3  
  139  9:03  Probe  
  139  9:06  Gateway  
  139  9:07  Observer (Chrono Boost)  
  139  9:09  Gateway  
  141  9:12  Pylon  
  141  9:16  Assimilator  
  141  9:18  Photon Cannon  
  141  9:20  Warp Prism (Chrono Boost)  
  143  9:30  Zealot x7  
  157  9:51  Zealot x4  
  157  9:52  Zealot x3  
  171  10:04  Forge  
  171  10:09  Forge  
  144  10:29  Zealot x3  
  144  10:30  Zealot x4  
  144  10:45  Photon Cannon  
  144  10:47  Photon Cannon  
  143  10:52  Photon Cannon  
  143  10:53  Photon Cannon  
  143  11:02  Photon Cannon  
  143  11:03  Photon Cannon  
  143  11:04  Photon Cannon  
  143  11:10  Observer  
  143  11:13  Forge  
  143  11:16  Forge  
  143  11:35  Pylon, Nexus  
  143  11:39  Pylon x2  
  143  11:41  Pylon x2  
  143  11:55  Nexus  
  143  11:57  Twilight Council  
  143  12:17  Nexus  
  143  12:19  Photon Cannon  
  143  12:20  Photon Cannon  
  143  12:21  Zealot x8  
  158  12:22  Pylon  
  158  12:25  Pylon  
  158  12:28  Probe x2  
  158  12:29  Probe  
  161  12:40  Probe  
  162  12:47  Zealot x6  
  174  12:57  Protoss Ground Weapons Level 3 (Chrono Boost)  
  174  12:58  Nexus  
  174  13:00  Protoss Ground Armor Level 1 (Chrono Boost)  
  174  13:02  Photon Cannon  
  174  13:13  Photon Cannon  
  174  13:16  Photon Cannon  
  174  13:24  Pylon  
  174  13:27  Photon Cannon  
  174  13:33  Cybernetics Core  
  174  13:35  Pylon  
  174  13:38  Pylon  
  174  13:41  Photon Cannon  
  174  13:42  Photon Cannon  
  174  13:44  Probe x3  
  177  13:50  Dark Shrine  
  172  13:56  Templar Archives  
  172  13:58  Zealot x8  
  172  13:59  Pylon  
  172  14:21  Zealot x7  
  172  14:22  Zealot  
  128  14:45  Stargate  
  128  14:48  Stargate x2  
  128  14:50  Templar Archives  
  128  14:56  Cybernetics Core  
  128  15:02  Probe  
  128  15:03  Protoss Air Weapons Level 1 (Chrono Boost), Probe  
  130  15:07  Nexus  
  130  15:08  Pylon  
  130  15:09  Zealot x8  
  130  15:10  Zealot  
  130  15:11  Pylon  
  130  15:12  Assimilator  
  148  15:14  Assimilator  
  148  15:16  Protoss Ground Armor Level 2 (Chrono Boost)  
  148  15:20  Pylon, Robotics Facility  
  148  15:32  High Templar x2  
  148  15:33  High Templar x7  
  160  15:39  Fleet Beacon  
  160  15:42  Archon x3  
  156  15:43  Archon  
  156  16:03  Fleet Beacon  
  156  16:07  Zealot x7  
  156  16:08  Zealot  
  156  16:10  Dark Templar  
  168  16:23  Carrier x3  
  172  16:36  Probe x2  
  172  16:39  Nexus  
  174  16:56  Probe (Chrono Boost)  
  177  17:02  Probe x2 (Chrono Boost)  
  177  17:11  Protoss Air Weapons Level 2 (Chrono Boost), Probe x2 (Chrono Boost)  
  180  17:16  Protoss Air Armor Level 1, Probe (Chrono Boost)  
  180  17:20  Probe (Chrono Boost)  
  180  17:21  Probe (Chrono Boost)  
  180  17:22  High Templar x7  
  195  17:24  Probe (Chrono Boost)  
  195  17:29  Archon x2  
  195  17:30  Archon  
  133  18:11  Nexus  
  127  18:15  Pylon  
  127  18:16  Probe x3  
  127  18:17  Carrier (Chrono Boost)  
  136  18:30  High Templar  
  136  18:31  High Templar x2  
  136  18:32  High Templar  
  144  18:37  Archon x2  
  127  19:00  High Templar x5  
  137  19:08  Nexus  
  136  19:10  Probe x2  
  136  19:11  Probe  
  139  19:18  Carrier (Chrono Boost)  
  139  19:19  Archon x2  
  145  19:28  Dark Templar x3  
  151  19:56  High Templar x2  
  151  19:58  Archon  
  155  20:00  High Templar  
  155  20:02  Probe  
  155  20:03  Probe x2  
  160  20:15  Probe, Photon Cannon  
  160  20:16  Carrier (Chrono Boost)  
  160  20:17  Photon Cannon  
  167  20:23  Stargate  
  167  20:41  Archon  
  167  20:43  Archon  
  167  20:58  Observer (Chrono Boost), Nexus  
  167  21:02  Pylon  
  168  21:06  Probe x3  
  168  21:07  Carrier (Chrono Boost)  
  177  21:11  Observer (Chrono Boost)  
  178  21:24  Mothership (Chrono Boost)  
  186  22:12  Carrier (Chrono Boost)  
  186  22:13  Assimilator  
  192  22:20  Assimilator  
  192  22:38  Carrier  
  196  23:04  Photon Cannon  
  196  23:06  Photon Cannon  
  196  23:07  Photon Cannon  
Tags
 
Add a new tag
Caveats
  • Supply blocks, unpowered buildings, or Contaminate may cause inaccurate times.
  • Supply counts are checked every 10 seconds.